 Dungeon Sprint DCSS version 0.21.2 (webtiles) character file.

17 Fang the Skirmisher (level 2, -1/30 HPs)
             Began as a Gargoyle Berserker on Oct 1, 2018.
             Was a Believer of Trog.
             Killed from afar by a deep elf mage (28 damage)
             ... with a shard of ice
             ... in the Dungeon (Sprint VII: "The Pits").
             The game lasted 00:00:20 (380 turns).

Fang the Skirmisher (Gargoyle Berserker)             Turns: 380, Time: 00:00:20

Health: -1/30      AC:  5    Str: 25    XL:     2   Next: 62%
Magic:  2/2        EV: 12    Int:  7    God:    Trog [**....]
Gold:   0          SH:  0    Dex:  9    Spells: 1/1 levels left

rFire    . . .     SeeInvis .   j - +2 hand axe
rCold    . . .     Gourm    .   (no shield)
rNeg     + . .     Faith    .   b - +0 animal skin
rPois    ∞         Spirit   .   (no helmet)
rElec    +         Reflect  .   (no cloak)
rCorr    .         Harm     .   (no gloves)
MR       .....     NoTele   +   (no boots)
Stlth    ..........             (no amulet)
HPRegen  0.10/turn              (no ring)
MPRegen  0.08/turn              (no ring)

@: berserking, very quick
A: negative energy resistance 1, electricity resistance, unbreathing,
petrification resistance, rot immunity, AC +2
a: Berserk, Trog's Hand, Burn Spellbooks, Renounce Religion


You were in the Dungeon.
You worshipped Trog.
Trog was pleased with you.
You were not hungry.

You visited 1 branch

Inventory:

Hand Weapons
 j - a +2 hand axe (weapon)
Armour
 b - a +0 animal skin (worn)
Scrolls
 i - a scroll of blinking
 k - 3 scrolls of remove curse
 l - a scroll of summoning
Potions
 a - 2 potions of invisibility
 d - a potion of curing
 e - a potion of heal wounds
 f - a potion of haste
 g - 4 potions of magic
 h - 3 potions of berserk rage
Comestibles
 c - 9 rations


   Skills:
 + Level 4.7 Fighting
 + Level 4.0 Axes
 + Level 2.7 Armour
 + Level 2.1 Dodging


You had one spell level left.
You didn't know any spells.

Dungeon Overview and Level Annotations

Branches:
Dungeon (1/1)

Altars:
Cheibriados
Dithmenos
Elyvilon
Fedhas
Gozag
Hepliaklqana
Makhleb
Nemelex Xobeh
Okawaru
Qazlal
Ru
Sif Muna
Trog
Vehumet
Wu Jian
Xom
Yredelemnul
Zin
The Shining One
Beogh
Jiyva
Lugonu


Innate Abilities, Weirdness & Mutations

You are resistant to torment.
Your stone body is resilient. (AC +2)
You are immune to poison.
You resist negative energy. (rN+)
You are resistant to electric shocks. (rElec)
You can survive without breathing.
You are immune to petrification.
You are immune to rotting.


Message History

No target in view!
No target in view!
There is an open door here.
You see here a dagger of flaming.
You start resting.
HP restored.
You open the door.
A frilled lizard comes into view.
The frilled lizard hisses angrily.
You hear a shout! x2
A river rat and a deep elf mage come into view.
An ufetubus comes into view.
There is an open door here.
A red film seems to cover your vision as you go berserk!
You feel yourself moving faster!
You feel mighty!
You feel a lot more hungry. The river rat bites you.
You barely miss the deep elf mage. You hit the river rat.
The deep elf mage points at you and mumbles some strange words.
The shard of ice hits you!
Ouch! That really hurt!
You die...

______...###########++
##########'##...........
#.?(.')))'.##......#..#.
##########.##...........
#..........÷'...........
#+#####'#####......#..#.
#.†#..##...........
+..)..#####'#####++
####@###.......#
#....5er.##.......#
#.....l..##.......#
#####+#####...<...#
#.......# #.......#
#.......# #########


You could see a deep elf mage, a river rat, an ufetubus and a frilled lizard.

Vanquished Creatures
  An adder (D)
  An ooze (D)
  A leopard gecko (D)
  A goblin (D)
4 creatures vanquished.

Notes
Turn   | Place    | Note
-------+----------+-------------------------------------------
     0 | D        | Fang the Gargoyle Berserker began the quest for the Orb.
     0 | D        | Reached XP level 1. HP: 14/14 MP: 1/1
    15 | D        | Reached XP level 2. HP: 12/20 MP: 2/2
   250 | D        | Found a bloodstained altar of Trog.
   250 | D        | Found a deep blue altar of Sif Muna.
   250 | D        | Found a viscous altar of Jiyva.
   250 | D        | Found a hazy altar of Hepliaklqana.
   250 | D        | Found an opulent altar of Gozag.
   251 | D        | Found a glowing golden altar of the Shining One.
   251 | D        | Found a glowing silver altar of Zin.
   251 | D        | Found a basalt altar of Yredelemnul.
   251 | D        | Found a shimmering altar of Xom.
   251 | D        | Found an ornate altar of the Wu Jian Council.
   251 | D        | Found a sacrificial altar of Ru.
   251 | D        | Found a stormy altar of Qazlal.
   251 | D        | Found an iron altar of Okawaru.
   251 | D        | Found a sparkling altar of Nemelex Xobeh.
   251 | D        | Found a burning altar of Makhleb.
   251 | D        | Found a blossoming altar of Fedhas.
   251 | D        | Found a white marble altar of Elyvilon.
   251 | D        | Found a shadowy altar of Dithmenos.
   251 | D        | Found a snail-covered altar of Cheibriados.
   253 | D        | Found a radiant altar of Vehumet.
   253 | D        | Found a corrupted altar of Lugonu.
   253 | D        | Found a roughly hewn altar of Beogh.
   316 | D        | Reached ** piety under Trog
   378 | D        | Noticed a deep elf mage
   380 | D        | Killed from afar by a deep elf mage

Skill      XL: |  1  2 |
---------------+-------+-----
Fighting       | 4 |  4.7
Axes           | 3 4 |  4.0
Dodging        | 2 |  2.1
Armour         | |  2.7

Action                   || total
-------------------------++-------
Melee: Hand axe          ||    17
Invok: Berserk           ||     1
Armor: Animal skin       ||     4
Dodge: Dodged            ||     8
